Unix NetHack Version 5.0.0-0 post-release - last build Jul 19 2026 19:10:59 (3aa4ab31751d3886436d94b585a96704892fd477,branch:main).

Game began 2026-07-28 02:41:29, ended 2026-07-28 02:59:21.

Jinnora, neutral female human Wizard

                                                              -------
                                                              |.....|
                                                              |...<..#
                                                              -------#
                                 -------------                       #
                                 |C.........C|#    #               #[#
                                 |.....C......######               #
                                 |...-----...|### ########################
                                 |...|   |...|                     #-----.--
                                 |..*    |C..|                     #.......|
                                 |..u|   |...|                      |.....^|
                                 |..@-----...|                      |......|
                                 |.....C.....|                      +..>...|
                                 |C.........C|                      --------
                                 -------------

Jinnora the Conjurer      St:9 Dx:16 Co:13 In:17 Wi:10 Ch:12  Neutral
Dlvl:5  $:76 HP:0(32) Pw:31(52) AC:8  Xp:5/197 T:2985 

Latest messages:
 You see here a long wand.
 O - a long wand.
 The housecat picks up a runed arrow.
 You climb up the stairs.
 A long wand lands on the altar.
 O - an uncursed long wand.
 You swap places with your housecat.
 What do you want to write with? [- ac-emqrtzACEHO or ?*] -
 You write in the dust with your fingertip.
 What do you want to write in the dust here? Elbereth
 What do you want to write with? [- ac-emqrtzACEHO or ?*] ?
 Do you want to add to the current engraving? [ynq] (y) n
 You wipe out the message that was written in the dust here.
 You write in the dust with an uncursed long wand.
 What do you want to write in the dust here? Elbereth
 The bugs on the floor speed up!
 What do you want to call? [qsux-zACMO or ?*] ?
 Call a long wand: speed
 You descend the stairs.
 You descend the stairs.
 You see here 8 gold pieces.
 $ - 8 gold pieces (76 in total).
 You climb up the stairs.
 The housecat falls into a pit!
 You kill the gecko!
 The sewer rat bites!
 You hit the sewer rat.
 The sewer rat bites!
 You hit the sewer rat.
 The sewer rat bites!
 You kill the sewer rat!
 The pony kicks!
 The pony bites!
 You hit the pony.
 The pony kicks!
 The pony bites!
 The pony kicks!
 The pony bites!
 In what direction? 8
 The spell misses the pony.
 The statue shatters.
 The pony kicks!
 The pony bites!
 The pony kicks!
 The pony bites!
 In what direction? 8
 The spell hits the pony!
 The pony kicks!
 You die...
 Do you want your possessions identified? [ynq] (y) q

Inventory:
 Coins    ('$')
  $ - 76 gold pieces
 Weapons  (')')
  H - 9 uncursed +0 darts
  E - an uncursed +0 dagger (weapon in right hand)
  a - a blessed +1 quarterstaff
 Armor    ('[')
  M - an uncursed +0 pair of jumping boots (being worn)
  b - an uncursed +0 cloak of magic resistance (being worn)
 Comestibles  ('%')
  B - 2 uncursed cram rations
  o - 3 uncursed fortune cookies
  w - 4 uncursed lichen corpses
 Scrolls  ('?')
  s - an uncursed scroll of charging
  j - an uncursed scroll of confuse monster
  h - a blessed scroll of earth
  x - an uncursed scroll of genocide
  y - an uncursed scroll of identify
  u - an uncursed scroll of taming
  i - an uncursed scroll of teleportation
 Potions  ('!')
  g - 2 uncursed potions of gain energy
  f - a blessed potion of speed
 Rings    ('=')
  d - an uncursed ring of conflict
  z - a cursed -1 ring of increase damage
  e - an uncursed ring of regeneration
  t - an uncursed ring of regeneration
 Wands    ('/')
  c - an uncursed wand of opening (0:8)
  O - an uncursed wand of speed monster (0:7)
 Tools    ('(')
  v - an uncursed blindfold
  m - an uncursed magic marker (0:20)
  r - an uncursed towel
 Gems/Stones  ('*')
  A - an uncursed worthless piece of black glass
  q - an uncursed worthless piece of green glass
  C - an uncursed worthless piece of white glass

Jinnora the Wizard's attributes:

Background:
 You were a Conjurer, a level 5 female human Wizard.
 You were neutral, on a mission for Thoth
 who was opposed by Ptah (lawful) and Anhur (chaotic).
 You were right-handed.
 You were in the Dungeons of Doom, on level 5.
 You entered the dungeon 2985 turns ago.
 It was nighttime.
 You had 197 experience points, 123 more were needed to attain level 6.

Basics:
 You had 0 out of 32 hit points.
 You had 31 out of 52 energy points (spell power).
 Your armor class was 8.
 Your wallet contained 76 zorkmids.
 Autopickup was off.

Final Characteristics:
 Your strength was 9 (limit:18/100).
 Your dexterity was 16 (limit:18).
 Your constitution was 13 (limit:18).
 Your intelligence was 17 (limit:18).
 Your wisdom was 10 (limit:18).
 Your charisma was 12 (limit:18).

Final Status:
 You weren't hungry.
 You were unencumbered.
 You were wielding a dagger.
 You had basic skill with dagger.

Final Attributes:
 You were piously aligned.
 You were magic-protected.
 You were telepathic.
 You could jump.
 You were warded.
 You are dead.

Miscellaneous:
 You didn't encounter any bones levels.
 Total elapsed playing time was 17 minutes and 51 seconds.

Major events:
 Turn
    1: Jinnora the neutral female human Wizard entered the dungeon
  951: attained the rank of Conjurer (level 3)
 1209: entered the Gnomish Mines
 2985: killed by a pony

Spells:
 Name                 Level Category     Fail Retention
 force bolt             1   attack         0%   81%-90%
 confuse monster        1   enchantment    0%   81%-90%

Skills:
 Fighting Skills
   bare handed combat [Unskilled]
   riding             [Unskilled]
 Weapon Skills
   dagger             [Basic]
   knife              [Unskilled]
   axe                [Unskilled]
   short sword        [Unskilled]
   club               [Unskilled]
   mace               [Unskilled]
   quarterstaff       [Basic]
   polearms           [Unskilled]
   spear              [Unskilled]
   trident            [Unskilled]
   sling              [Unskilled]
   dart               [Unskilled]
   shuriken           [Unskilled]
 Spellcasting Skills
   attack spells      [Basic]
   healing spells     [Unskilled]
   divination spells  [Unskilled]
   enchantment spells [Basic]
   clerical spells    [Unskilled]
   escape spells      [Unskilled]
   matter spells      [Unskilled]

Voluntary challenges:
 Character rerolling was not enabled.
 You never genocided any monsters.
 You never polymorphed an object.
 You never changed form.
 You used no wishes.
Achievements:
 You attained the rank of Conjurer.
 You entered the Gnomish Mines.
 You entered a shop.

 The Dungeons of Doom: levels 1 to 6
    Level 1:
    Level 2:
       A fountain, a grave.
    Level 3:
       An armor shop.
    Level 4:
       An altar to Thoth.
       Stairs down to The Gnomish Mines.
    Level 5: <- You were here.
       Final resting place for
          you, killed by a pony.
    Level 6:
 The Gnomish Mines:
    Level 5:


Vanquished creatures:
  5 fog clouds
  a gnome leader
  3 floating eyes
  2 homunculi
  a kobold leader
  a giant bat
  a dwarf zombie
  2 iguanas
  2 acid blobs
  a hobbit
  a manes
  a large kobold
  a hobgoblin
  2 yellow molds
  5 gnomes
  3 geckos
  2 jackals
  a fox
  3 kobolds
  4 goblins
  a sewer rat
  a grid bug
  8 lichens
  6 newts
58 creatures vanquished.

No species were genocided or became extinct.

Game over:
                       ----------
                      /          \
                     /    REST    \
                    /      IN      \
                   /     PEACE      \
                  /                  \
                  |     Jinnora      |
                  |      76 Au       |
                  | killed by a pony |
                  |                  |
                  |                  |
                  |                  |
                  |       2026       |
                 *|     *  *  *      | *
        _________)/\\_//(\/(/\)/\//\/|_)_______

Goodbye Jinnora the Wizard...

You died in The Dungeons of Doom on dungeon level 5 with 1107 points,
and 76 pieces of gold, after 2985 moves.
You were level 5 with a maximum of 32 hit points when you died.

